 Dungeon Crawl Stone Soup version 0.15.1-2-g8fbdab7 (webtiles) character file.

98 DrPain the Sneak (level 4, -2/22 HPs)
             Began as a Spriggan Assassin on Oct 1, 2014.
             Killed by nerve-wracking pain
             ... invoked by an orc priest
              (3 damage)
             ... on Level 3 of the Dungeon.
             The game lasted 00:05:48 (2892 turns).

DrPain the Sneak (Spriggan Assassin)                Turns: 2892, Time: 00:05:48

HP  -2/22        AC  3     Str  8      XL: 4   Next: 43%
MP   8/8         EV 17     Int 12      God:
Gold 99          SH  0     Dex 20      Spells:  0 memorised,  3 levels left

rFire  . . .     SeeInvis +     f - +0 blowgun
rCold  . . .     Clarity  .     c - +0 robe
rNeg   . . .     rCorr    .     (shield restricted)
rPois  .         rRot     .     (helmet restricted)
rElec  .         Spirit   .     d - +0 cloak
SustAb .         Warding  .     (gloves unavailable)
rMut   .         Stasis   .     (boots unavailable)
Gourm  .                        (no amulet)
MR     .....                    (no ring)
                                n - +3 ring of dexterity

@: very quick, not resistant to hostile enchantments, stealthy
A: unfitting armour, see invisible, herbivore 3, speed 3, slow metabolism 2
a: no special abilities


You were on level 3 of the Dungeon.
You were not hungry.

You visited 1 branch of the dungeon, and saw 3 of its levels.

You collected 99 gold pieces.

Inventory:

Hand weapons
 f - a +0 blowgun (weapon)
 w - a +1 cutlass
 W - a +0 short sword of holy wrath
Missiles
 b - 2 curare-tipped needles
 e - 21 poisoned needles (quivered)
 i - 65 stones
Armour
 c - a +0 robe (worn)
 d - a +0 cloak (worn)
Comestibles
 m - 2 bread rations
Scrolls
 a - a scroll of remove curse
 h - a scroll of magic mapping
 j - a scroll of identify
Jewellery
 n - a +3 ring of dexterity (left hand)
Potions
 g - a potion of porridge
 o - a potion of curing
 p - a potion of might


   Skills:
 - Level 1.5 Fighting
 + Level 5.2 Short Blades
 - Level 2.1 Throwing
 - Level 1.5 Dodging
 - Level 5.8 Stealth


You had 3 spell levels left.
You didn't know any spells.

Dungeon Overview and Level Annotations

Branches:
Dungeon (3/15)

Altars:
Zin

Annotations:
D:3 DrPain's ghost, average SpAs


Innate Abilities, Weirdness & Mutations

You are tiny and cannot use many weapons and most armour.
You have supernaturally acute eyesight.
You are a herbivore.
You cover ground extremely quickly.
You need consume almost no food.


Message History

* * * LOW HITPOINT WARNING * * *
The orc priest misses you.
You are too injured to fight recklessly!
Wield which item (- for none, * to show all)? (? for menu, Esc to quit)
f - a +0 blowgun (weapon)
The orc closely misses you.
Firing (i - inventory. (,) - cycle):
e - 22 poisoned needles (quivered)
Press: ? - help, Shift-Dir - straight line, f - orc priest
Aim: an orc priest wearing a leather armour (severely wounded)
You shoot a poisoned needle.
The poisoned needle hits the orc priest!
The orc priest is poisoned.
The orc priest is severely wounded.
The orc priest hits you.
* * * LOW HITPOINT WARNING * * *
The orc hits you but does no damage. The orc misses you.
DrPain's ghost (average Spriggan Assassin) comes into view.
The orc priest invokes the aid of Beogh against you.
Pain shoots through your body!
You die...

.##.#########.<####.# *,*,,****
..........# #..#*##.#***,,,*
.##.#####.# #........**,****
.#..# #.###..##*#.#****** ....#
#......# #.# *,* ###.#
#.###..####.#####.#
#.#####.###....oo.......##*****
#...............oo........,,,,,
####..######.#@##.#####.##*****
#..#####....##.# *,* *
#...)W.....(##.## *,* *
##.#####..)##...#***,* * #.#
##.)...#......# * #.#
#####.>.#####* * #.# ##.## ****
******#.# *.# *,,, ,,,,,,#.#
*.# *,**


You could see an orc priest, DrPain's ghost (wandering) and 3 orcs.

Vanquished Creatures
  3 adders
  A giant mite (D:2)
  An ooze (D:2)
  2 orcs (D:3)
  A ball python (D:3)
  A giant cockroach (D:1)
  7 goblins
  7 hobgoblins
  7 bats
  2 giant newts (D:1)
  11 jackals
  6 kobolds
  11 rats
60 creatures vanquished.

Notes
Turn   | Place    | Note
--------------------------------------------------------------
     0 | D:1      | DrPain, the Spriggan Assassin, began the quest for the Orb.
     0 | D:1      | Reached XP level 1. HP: 10/10 MP: 2/2
   202 | D:1      | Reached XP level 2. HP: 9/14 MP: 4/4
  1186 | D:1      | Reached XP level 3. HP: 16/18 MP: 6/6
  1444 | D:2      | Found a glowing silver altar of Zin.
  1940 | D:2      | Reached XP level 4. HP: 18/22 MP: 8/8
  2251 | D:3      | Reached skill level 5 in Short Blades
  2891 | D:3      | HP: 1/22 [orc priest (1)]
  2892 | D:3      | Noticed DrPain's ghost (average SpAs)
  2892 | D:3      | Killed from afar by an orc priest

Action                   |  1- 3 |  4- 6 || total
-------------------------+-------+-------++-------
Melee: Dagger            |   146 |     3 ||   149
       Cutlass           |       |    31 ||    31
 Fire: Blowgun           |       |     6 ||     6
  Use: Potion            |     2 |     1 ||     3
       Scroll            |       |     5 ||     5
 Stab: Sleeping          |    11 |     2 ||    13
       Distracted        |       |     1 ||     1
